 Dungeon Crawl Stone Soup version 0.19-a0-1008-g4c63d25 (webtiles) character file.

4626 rjrrt the Archer (level 10, -4/88 HPs)
             Began as a Centaur Hunter on July 22, 2016.
             Was an Elder of Okawaru.
             Splashed by an oklob plant's acid (13 damage)
             ... on level 8 of the Dungeon.
             The game lasted 00:30:34 (11010 turns).

rjrrt the Archer (Centaur Hunter)                  Turns: 11010, Time: 00:30:36

Health: -4/88      AC: 13    Str: 17    XL:     10   Next: 19%
Magic:  10/11      EV:  8    Int: 10    God:    Okawaru [****..]
Gold:   204        SH:  0    Dex: 11    Spells: 0 memorised, 9 levels left

rFire  . . .     SeeInvis .     b - +2 quarterstaff (protect)
rCold  . . .     Gourm    .     l - +0 scale mail
rNeg   . . .     Faith    .     (shield currently unavailable)
rPois  +         Spirit   .     m - +2 helmet
rElec  .         Dismiss  .     k - +1 cloak
rCorr  .         Reflect  .     (no gloves)
SustAt .         Harm     .     (no barding)
MR     .....                    (no amulet)
Stlth  ..........               D - ring of poison resistance
                                w - +1 ring of evasion

@: corroded, very quick, not resistant to hostile enchantments, extremely
unstealthy
A: hooves 3, deformed body, speed 2, tough skin 3
a: Heroism, Renounce Religion


You were on level 8 of the Dungeon.
You worshipped Okawaru.
Okawaru was greatly pleased with you.
You were not hungry.

You visited 1 branch of the dungeon, and saw 8 of its levels.

You collected 416 gold pieces.
You spent 212 gold pieces at shops.

Inventory:

Hand Weapons
 a - a +1 shortbow of velocity
 b - a +2 quarterstaff of protection (weapon)
 c - a +0 quarterstaff of draining
 E - the +5 rapier of the Gloaming {holy, rC+ MR+ SInv, unknown}
   (You found it on level 7 of the Dungeon)

   It has been blessed by the Shining One to cause great damage to the undead
   and demons.
   It protects you from cold.
   It affects your resistance to hostile enchantments.
   It lets you see invisible.
Missiles
 d - 4 arrows
 y - 4 tomahawks
 C - 2 javelins (quivered)
Armour
 k - a +1 cloak (worn)
 l - a +0 scale mail (worn)
 m - a +2 helmet (worn)
Jewellery
 w - a +1 ring of evasion (left hand)
 D - a ring of poison resistance (right hand)
Wands
 t - a wand of teleportation (4/9)
 A - a wand of polymorph (11/24)
 G - a wand of iceblast (10/15)
Scrolls
 u - 3 scrolls of remove curse
Potions
 e - 3 potions of curing
 j - a potion of lignification
 n - a potion of might
 p - a potion of heal wounds
 q - a potion of flight
 s - 2 potions of cure mutation
 v - a potion of haste
 z - a potion of cancellation
 B - a potion of agility
Books
 r - a book of Beasts

   Spells                             Type                      Level
   a - Summon Butterflies             Summoning                    1
   b - Call Canine Familiar           Summoning                    3
   c - Summon Ice Beast               Ice/Summoning                4
   d - Summon Mana Viper              Hexes/Summoning              5
   e - Summon Hydra                   Summoning                    7
Comestibles
 f - 4 bread rations
 g - 8 slices of pizza
 h - 2 beef jerkies
 i - 6 fruits
 x - a meat ration


   Skills:
 * Level 8.3 Fighting
 + Level 14.5 Bows
 + Level 4.0 Armour
 - Level 1.3 Dodging
 - Level 1.2 Stealth
 - Level 2.1 Invocations


You had 9 spell levels left.
You didn't know any spells.

Dungeon Overview and Level Annotations

Branches:
Dungeon (8/15)             Temple (0/1) D:6
   Lair: D:8-11

Altars:
Cheibriados
Dithmenos
Hepliaklqana
Kikubaaqudgha
Okawaru
Ru
Sif Muna
Trog
Xom
Yredelemnul
Zin

Shops:
D:4 !   D:5 (   D:7 [

Annotations:
D:2 Sigmund
D:8 exclusion: oklob plant


Innate Abilities, Weirdness & Mutations

You have hooves in place of feet.
Armour fits poorly on your strangely shaped body.
You cover ground very quickly.
You have extremely tough skin. (AC +3)


Message History

The oklob plant is moderately damaged.
You hit the oklob plant.
The oklob plant is moderately damaged.
The oklob plant spits acid at you. The splash of acid hits you!
The acid burns!
* * * LOW HITPOINT WARNING * * *
You hit the oklob plant but do no damage.
You kick the oklob plant, but do no damage.
The oklob plant is moderately damaged.
You hit the oklob plant.
The oklob plant is moderately damaged.
You feel like a meek peon again.
You hit the oklob plant but do no damage.
You kick the oklob plant, but do no damage.
The oklob plant is moderately damaged.
The oklob plant spits acid at you. The splash of acid hits you!
* * * LOW HITPOINT WARNING * * *
The acid burns!
You die...

.............## *,.,,,,,,*#...#.
.............# **...#,.....###.
........#..#.######...#.#...,**..
...........o..#.......#.....#**.#
.............................##.#
............##.P.................
..............P_P..............).
.....(<..$.....P.................
..#..(######....@................
*,#...* #.##..(.........#.....
*,#...** *,*#............#.....
*,##..,* *,*#....(.......#.....
,,*#..,** *,*######.......#.....
,,*##.,,** *,****#...(...........
,,* ##,,,***,*.....#.......#.....
,,* **,,,**,..#####.............
,,* *,,,**,,,,***#....)>.......


You could see an oklob plant.

Vanquished Creatures
  The ghost of serber55 the Geomancer, a novice FoEE of Vehumet (D:8)
  A gargoyle (D:8)
  Joseph (D:7)
  3 vampire mosquitoes (D:8)
  A human (D:7)
  An ice beast (D:6)
  An orc warrior (D:6)
  2 phantoms (D:6)
  An ogre (D:6)
  2 necrophages
  6 giant frogs
  A gnoll sergeant (D:5)
  A water moccasin zombie (D:5)
  2 scorpions
  6 killer bees
  An electric eel (D:7)
  A crimson imp (D:5)
  4 hounds
  2 giant frog zombies
  Crazy Yiuf (D:4)
  4 orc priests
  3 jellies
  2 iguanas (D:6)
  7 orc wizards
  12 worker ants
  A killer bee zombie (D:6)
  4 sheep (D:7)
  A worker ant zombie (D:5)
  Robin (D:2)
  5 gnolls (D:5)
  A howler monkey skeleton (D:5)
  13 adders
  3 shadow imps
  3 oozes
  2 adder skeletons
  2 worms
  2 dart slugs (D:1)
  A giant gecko (D:7)
  23 orcs
  A ball python (D:1)
  5 giant cockroaches
  15 goblins
  7 hobgoblins
  4 jackals (D:4)
  6 quokkas
  5 bats
  A giant gecko skeleton (D:4)
  6 giant newts
  6 kobolds
  5 rats
190 creatures vanquished.

Notes
Turn   | Place    | Note
-------+----------+-------------------------------------------
     0 | D:1      | rjrrt the Centaur Hunter began the quest for the Orb.
     0 | D:1      | Reached XP level 1. HP: 17/17 MP: 1/1
   289 | D:1      | Reached XP level 2. HP: 9/24 MP: 2/2
   623 | D:1      | Reached skill level 6 in Bows
   920 | D:1      | Reached skill level 1 in Stealth
   920 | D:1      | Reached XP level 3. HP: 28/29 MP: 3/3
  1086 | D:2      | Noticed Robin
  1119 | D:2      | Killed Robin
  1635 | D:2      | Reached XP level 4. HP: 34/37 MP: 4/4
  1661 | D:2      | Noticed Sigmund
  2073 | D:3      | Reached skill level 7 in Bows
  2475 | D:3      | Found a shadowy altar of Dithmenos.
  2516 | D:3      | Found an iron altar of Okawaru.
  2816 | D:3      | Became a worshipper of Warmaster Okawaru
  3255 | D:4      | Found a runed door.
  3268 | D:4      | Found Vunnoonu's Distillery.
  3278 | D:4      | Reached XP level 5. HP: 45/45 MP: 5/5
  3292 | D:4      | Bought a potion of curing for 30 gold pieces
  3292 | D:4      | Bought a potion of heal wounds for 50 gold pieces
  3292 | D:4      | Bought a potion of degeneration for 10 gold pieces
  3479 | D:4      | Reached skill level 8 in Bows
  3492 | D:4      | Reached XP level 6. HP: 42/52 MP: 6/6
  3533 | D:4      | Reached * piety under Okawaru
  3851 | D:4      | Reached skill level 9 in Bows
  4094 | D:4      | Reached skill level 1 in Invocations
  4277 | D:4      | Found a sacrificial altar of Ru.
  4467 | D:4      | Reached XP level 7. HP: 55/59 MP: 8/8
  4867 | D:4      | Noticed Crazy Yiuf
  4883 | D:4      | Killed Crazy Yiuf
  5039 | D:4      | Bought a potion of heal wounds for 50 gold pieces
  5137 | D:5      | Entered Level 5 of the Dungeon
  5174 | D:5      | Found a hazy altar of Hepliaklqana.
  5189 | D:5      | Found a snail-covered altar of Cheibriados.
  5262 | D:5      | Found Ollan's Antique Weapon Shoppe.
  5915 | D:6      | Reached skill level 10 in Bows
  5929 | D:6      | Reached skill level 5 in Fighting
  6097 | D:6      | Found a staircase to the Ecumenical Temple.
  6198 | D:5      | Reached ** piety under Okawaru
  6295 | D:5      | Reached XP level 8. HP: 32/68 MP: 9/9
  6753 | D:5      | Reached skill level 11 in Bows
  7129 | D:6      | Found a sacrificial altar of Ru.
  7356 | D:6      | Reached skill level 12 in Bows
  7356 | D:6      | Reached skill level 1 in Armour
  8024 | D:6      | Reached XP level 9. HP: 67/78 MP: 10/10
  8199 | D:7      | Reached *** piety under Okawaru
  8670 | D:7      | Noticed Joseph
  8671 | D:7      | Found a basalt altar of Yredelemnul.
  8691 | D:7      | Killed Joseph
  8691 | D:7      | Reached skill level 13 in Bows
  8996 | D:7      | Got an encrusted rapier
  9269 | D:7      | Found a bloodstained altar of Trog.
  9343 | D:7      | Found Lamytt's Antique Armour Shop.
  9378 | D:7      | Found a shimmering altar of Xom.
  9379 | D:7      | Found an ancient bone altar of Kikubaaqudgha.
  9651 | D:5      | Bought a runed shortbow for 72 gold pieces
  9814 | D:8      | Found a deep blue altar of Sif Muna.
 10080 | D:8      | Noticed serber55's ghost (novice FoEE)
 10358 | D:8      | Reached skill level 14 in Bows
 10406 | D:8      | Noticed a gargoyle
 10416 | D:8      | Killed a gargoyle
 10607 | D:8      | Killed serber55's ghost
 10607 | D:8      | Reached **** piety under Okawaru
 10607 | D:8      | Reached XP level 10. HP: 86/86 MP: 9/11
 10613 | D:8      | Noticed an oklob plant
 10988 | D:8      | Found a glowing silver altar of Zin.
 11010 | D:8      | Splashed by an oklob plant's acid

Vault maps used:
D:1:      kennysheep_arrival_forest, minmay_misc_feat_hallway
D:2:      zin_treasury, first_bread, uniq_jessica, uniq_robin, uniq_sigmund
D:3:      old_standard_altar, kennysheep_nub, st_stairs_12,
          minmay_misc_feat_pillars, okawaru_trees_1
D:4:      kennysheep_mini, serial_shops, shop, hangedman_abyss_or_decor_stabs,
          minmay_item_behind_shaft, uniq_crazy_yiuf_cottage
D:5:      grunt_temple_overflow_open, serial_shops, nicolae_shop_stone,
          lightli_minifort
D:6:      basic_altar
D:7:      gammafunk_temple_overflow_statue, lightli_temple_of_fire,
          serial_shops, shop, basic_altar, grunt_livestock,
          hangedman_abyss_or_decor_stagger, grunt_ministairs_4,
          kennysheep_crisscross, uniq_joseph
D:8:      lemuel_blue_sif_altar, serial_curves, eino_curves_02, eino_curves_03,
          lemuel_oklob_altar

Skill      XL: |  1  2  3  4  5  6  7  8  9 10 |
---------------+-------------------------------+-----
Bows           | 6 7 8 9 10 12 14 | 14.5
Stealth        | 1 |  1.2
Fighting       | 3 4 5 6 8 |  8.3
Invocations    | 1 2 |  2.1
Armour         | 2 3 4 |  4.0
Dodging        | |  1.3

Action                   |  1- 3 |  4- 6 |  7- 9 | 10-12 || total
-------------------------+-------+-------+-------+-------++-------
Melee: Short sword       |   128 |    86 |       |       ||   214
       Kick              |    32 |    41 |   115 |    16 ||   204
       Quarterstaff      |       |   132 |   517 |    58 ||   707
 Fire: Shortbow          |    13 |    28 |    69 |    16 ||   126
Throw: Javelin           |       |     8 |    10 |       ||    18
       Tomahawk          |       |       |       |     6 ||     6
Invok: Heroism           |       |       |     8 |     4 ||    12
Evoke: Wand              |       |       |     2 |       ||     2
  Use: Scroll            |       |     6 |    16 |       ||    22
       Potion            |       |       |       |     2 ||     2
  Eat: Chunk             |     2 |     7 |    17 |       ||    26
       Beef jerky        |       |       |     1 |     2 ||     3
Armor: Leather armour    |    14 |       |       |       ||    14
       Scale mail        |    32 |   138 |   404 |    49 ||   623
       Ring mail         |       |     5 |       |       ||     5
Dodge: Dodged            |    50 |   109 |   265 |    43 ||   467
